 Dungeon Crawl Stone Soup version 0.31-a0-977-gc230f8ef24 (webtiles) character file.

Game seed: 5831304329590617168

84634 sokol815 the Unseen (level 15, -4/112 HPs)
             Began as an Octopode Brigand on Oct 28, 2023.
             Was an Initiate of Gozag.
             Killed by divine providence
             ... invoked by a smoke demon
              (12 damage)
             ... on level 12 of the Dungeon on Oct 30, 2023.
             The game lasted 01:14:52 (20476 turns).

sokol815 the Unseen (Octopode Brigand)             Turns: 20476, Time: 01:14:53

Health: -4/112     AC:  3    Str: 11    XL:     15   Next: 81%
Magic:  19/19      EV: 36    Int: 17    God:    Gozag
Gold:   1690       SH: 10    Dex: 29    Spells: 1/20 levels left

rFire   . . .        a - +7 Spriggan's Knife {stab, EV+4 Stlth+}
rCold   . . .        Q - +3 buckler
rNeg    . . .        n - +2 hat {Stlth+}
rPois   .            e - amulet of regeneration
rElec   .            o - +6 ring of dexterity
rCorr   .            j - +4 ring of protection
SInv    .            A - +4 ring of protection
Will    +....        W - +6 ring of dexterity Stlth *+++++++++
                     v - ring of flight {+Fly, !d}
HPRegen 1.18/turn    Z - ring of wizardry {Wiz+, !d}
MPRegen 0.16/turn    (no ring)
                     (no ring)

%: wizardry (x1)
@: corroded, gold aura, flying, hasted, very quick
A: almost no armour, amphibious, 8 rings, camouflage 1, gelatinous body 1,
(nimble swimmer 1), tentacles
a: Renounce Religion, Potion Petition, Call Merchant, Bribe Branch


You were on level 12 of the Dungeon.
You worshipped Gozag.
Gozag was most pleased with you.
You visited 4 branches of the dungeon, and saw 20 of its levels.
You also visited: Sewer.

You collected 8088 gold pieces.
You spent 1820 gold pieces at shops.
You paid 4578 gold pieces to Gozag.

Inventory:

Hand Weapons
 a - the +7 Spriggan's Knife (weapon) {stab, EV+4 Stlth+}
   (You acquired it on level 8 of the Dungeon)

   Stab:      It is more effective when stabbing unaware enemies, sometimes
   treating them as though they were completely helpless.
   EV+4:      It affects your evasion (+4).
   Stlth+:    It makes you more stealthy.
 k - a +2 war axe of flaming
   (You took it off an orc warrior on level 7 of the Dungeon)
 q - a +3 scimitar of flaming
   (You took it off Erica on level 8 of the Dungeon)
 r - the +10 flail of Urgency {elec, rPois Str+3 Int+7 Dex-4}
   (You found it on level 1 of the Lair of Beasts)

   Str+3:     It affects your strength (+3).
   Int+7:     It affects your intelligence (+7).
   Dex-4:     It affects your dexterity (-4).
   rPois:     It protects you from poison
 T - a +2 dagger of speed
   (You took it off an orc on level 10 of the Dungeon)
 U - a +1 trident of holy wrath
   (You found it in a sewer)
Missiles
 b - 51 poisoned darts
 c - 3 curare-tipped darts
 i - 5 silver javelins
 X - 4 atropa-tipped darts
Armour
 n - a +2 hat of stealth (worn)
   (You took it off Gastronok on level 2 of the Lair of Beasts)
 Q - a +3 buckler (worn)
   (You found it on level 11 of the Dungeon)
Magical Staves
 F - a staff of cold {rC+}
   (You found it on level 4 of the Lair of Beasts)
Jewellery
 e - an amulet of regeneration (around mantle)
   (You found it on level 1 of the Dungeon)
 f - a ring of fire {rF+, rC-}
   (You found it on level 7 of the Dungeon)
 j - a +4 ring of protection (right tentacle)
   (You found it on level 3 of the Dungeon)
 l - an amulet of magic regeneration
   (You found it on level 1 of the Lair of Beasts)
 o - a +6 ring of dexterity (left tentacle)
   (You found it on level 3 of the Dungeon)
 u - an amulet of reflection
   (You found it on level 5 of the Lair of Beasts)
 v - a ring of flight (on tentacle) {+Fly, !d}
   (You found it on level 5 of the Dungeon)
 A - a +4 ring of protection (on tentacle)
   (You found it on level 3 of the Dungeon)
 W - a +6 ring of dexterity (on tentacle)
   (You found it on level 3 of the Dungeon)
 Z - a ring of wizardry (on tentacle) {Wiz+, !d}
   (You found it on level 7 of the Dungeon)
Wands
 d - a wand of digging (5)
   (You found it on level 11 of the Dungeon)
 h - a wand of acid (6)
   (You found it on level 5 of the Lair of Beasts)
 p - a wand of paralysis (32)
   (You found it on level 3 of the Dungeon)
 s - a wand of roots (6)
   (You found it on level 2 of the Lair of Beasts)
 y - a wand of mindburst (29)
   (You took it off Maurice on level 9 of the Dungeon)
Scrolls
 w - a scroll of brand weapon
 x - a scroll of fog
 D - a scroll of blinking {!r}
 E - 3 scrolls of revelation
 K - 2 scrolls of immolation {!r}
 O - 4 scrolls of silence
 S - 2 scrolls of amnesia
 V - a scroll of enchant weapon
 Y - 8 scrolls of teleportation {@r3}
Potions
 g - 4 potions of attraction {!q}
 t - 4 potions of mutation {unknown}
 B - 3 potions of brilliance
 C - a potion of resistance {unknown}
 G - 2 potions of ambrosia {!q}
 H - a potion of haste
 I - a potion of invisibility
 J - 3 potions of curing {@q1}
 L - 2 potions of enlightenment
 M - 4 potions of magic
 N - 4 potions of heal wounds {@q2}
 P - 4 potions of lignification {!q}
 R - 4 potions of might
Miscellaneous
 m - a phantom mirror
   (You found it on level 3 of the Lair of Beasts)
 z - a box of beasts
   (You found it on level 1 of the Lair of Beasts)


   Skills:
 + Level 13.8 Fighting
 - Level 10.0 Short Blades
 - Level 2.0 Throwing
 - Level 18.0 Dodging
 - Level 18.0 Stealth
 - Level 5.0 Shields
 - Level 2.6 Unarmed Combat
 + Level 3.2 Spellcasting
 - Level 4.0 Conjurations
 * Level 1.5 Ice Magic
 - Level 4.0 Air Magic
 - Level 7.0 Poison Magic


You had one spell level left.
You knew the following spells:

 Your Spells              Type           Power      Damage    Failure   Level
a - Ozocubu's Refrigerat  Ice            4%         4d8       100%        7
b - Polar Vortex          Ice            4%         N/A       100%        9
x - Mephitic Cloud        Conj/Pois/Air  19%        N/A       3%          3

Your spell library contained the following spells:

 Spells                   Type           Power      Damage    Failure   Level
 Magic Dart               Conj           64%        1d6       1%          1
 Kiss of Death            Conj/Necr      36%        2d8       4%          1
 Sandblast                Erth           4%         2d4       10%         1
 Slow                     Hex            8%         N/A       10%         1
 Static Discharge         Conj/Air       32%        3-5/arc   2%          2
 Cigotuvi's Dreadful Rot  Necr/Pois/Air  30%        N/A       3%          2
 Ignite Poison            Fire/Tmut/Pois 10%        N/A       11%         3
 Stone Arrow              Conj/Erth      18%        3d8       12%         3
 Call Imp                 Summ           4%         N/A       14%         2
 Passwall                 Tmut/Erth      1%         N/A       14%         2
 Airstrike                Air            8%         2d(2-18)  17%         4
 Confusing Touch          Hex            2%         N/A       26%         3
 Inner Flame              Hex/Fire       2%         N/A       26%         3
 Brom's Barrelling Bould  Conj/Erth      9%         2d3       38%         4
 Flame Wave               Conj/Fire      9%         2d6       38%         4
 Sticky Flame             Conj/Fire      9%         2d3       38%         4
 Summon Lightning Spire   Summ/Air       9%         N/A       38%         4
 Freezing Cloud           Conj/Ice/Air   6%         6-21      54%         5
 Anguish                  Hex/Necr       1%         N/A       65%         4
 Cause Fear               Hex            1%         N/A       65%         4
 Dispel Undead            Necr           2%         3d7       65%         4
 Lee's Rapid Deconstruct  Erth           1%         3d4*      92%         5
 Enfeeble                 Hex            1%         N/A       100%        7
 Animate Armour           Summ/Erth      Unusable   N/A       N/A         4
 Simulacrum               Ice/Necr       Unusable   N/A       N/A         6

Dungeon Overview and Level Annotations

Branches:
Dungeon (12/15) Zot: 26843  Temple (1/1) D:4 Zot: 5947    Lair (5/5) D:9 Zot: 22651
 Shoals (0/4) Lair:3        Snake (0/4) Lair:3        Slime (0/5) Lair:4
    Orc (2/2) D:10 Zot: 9953     Elf (0/3) Orc:2         Sewer (visited)

Altars:
Ashenzari
Cheibriados
Dithmenos
Elyvilon
Fedhas
Gozag
Hepliaklqana
Kikubaaqudgha
Makhleb
Nemelex Xobeh
Okawaru
Qazlal
Ru
Sif Muna
Trog
Uskayaw
Vehumet
Wu Jian
Xom
Yredelemnul
Zin
The Shining One
Jiyva

Shops:
D:10 ***(   Orc:2 ::*(   Lair:1 :

Annotations:
D:7 2 runed translucent doors, exclusion: orange crystal statue


Innate Abilities, Weirdness & Mutations

You cannot wear most types of armour.
You are amphibious.
You can wear up to eight rings at the same time.
Your skin changes colour to match your surroundings (Stealth+).
Your rubbery body absorbs attacks. (AC +1, EV +1)
((You are camouflaged when in or above water. (Stealth+)))
You have tentacles for arms and can constrict up to eight enemies at once.


Message History

You squeeze the rust devil. You constrict the rust devil.
You block the large slime creature's attack.
The rust devil misses you.
You hit the rust devil but do no damage.
You squeeze the rust devil, but do no damage.
You constrict the rust devil, but do no damage.
You hit the rust devil but do no damage.
You constrict the rust devil.
A large slime creature splits.
The smoke demon gestures at you. Something smites you!
You block the rust devil's attack.
You take 6 damage, and have 87/112 hp.
You hit the rust devil but do no damage.
You constrict the rust devil. The slime creature hits you.
You take 6 damage, and have 81/112 hp.
You hit the rust devil but do no damage.
You constrict the rust devil, but do no damage.
The slime creature hits you! You block the rust devil's attack.
You take 7 damage, and have 74/112 hp.
You hit the rust devil but do no damage.
You constrict the rust devil. The slime creature misses you.
You hit the rust devil but do no damage.
You tentacle-slap the rust devil, but do no damage.
You squeeze the rust devil. You constrict the rust devil.
The smoke demon gestures at you. Something smites you!
The slime creature closely misses you. The rust devil completely misses you.
You take 10 damage, and have 65/112 hp.
You hit the rust devil but do no damage.
You constrict the rust devil, but do no damage.
The shadow strikes at you from the darkness!
Reactivating autopickup.
The slime creature completely misses you.
You take 4 damage, and have 61/112 hp.
You hit the rust devil but do no damage.
You squeeze the rust devil, but do no damage.
You constrict the rust devil. The slime creature misses you.
The rust devil completely misses you.
You hit the rust devil but do no damage.
You constrict the rust devil, but do no damage.
The shadow completely misses you.
The slime creature completely misses you.
The smoke demon gestures at you. Something smites you!
You take 13 damage, and have 49/112 hp.
You hit the rust devil but do no damage.
You constrict the rust devil. The rust devil completely misses you.
The slime creature misses you.
The shadow slips into darkness.
The shadow flickers and vanishes!
Deactivating autopickup; reactivate with Ctrl-A.
You hit the rust devil. You constrict the rust devil.
The slime creature misses you. You block the slime creature's attack.
The rust devil completely misses you.
You hit the rust devil. You constrict the rust devil.
The shadow strikes at you from the darkness!
* * * LOW HITPOINT WARNING * * *
Reactivating autopickup.
You block the slime creature's attack.
You take 30 damage, and have 21/112 hp.
MASSIVE DAMAGE!!
You hit the rust devil but do no damage.
You squeeze the rust devil.
You kill the rust devil!
The slime creature is distracted by your dazzling golden aura.
The shadow completely misses you.
The shadow slips into darkness.
The shadow flickers and vanishes!
Deactivating autopickup; reactivate with Ctrl-A.
The smoke demon is distracted by your dazzling golden aura.
You regained 2 hp, and now have 26/112 hp.
The slime creature attacks as it pursues you!
The slime creature hits you.
* * * LOW HITPOINT WARNING * * *
The shadow strikes at you from the darkness!
* * * LOW HITPOINT WARNING * * *
Reactivating autopickup.
You see here a potion of degeneration {!q}.
You take 8 damage, and have 18/112 hp.
You feel yourself speed up.
The slime creature is no longer distracted by gold.
The slime creature completely misses you.
The shadow completely misses you. The slime creature hits you.
* * * LOW HITPOINT WARNING * * *
The shadow attacks as it pursues you! You block the shadow's attack.
You take 5 damage, and have 14/112 hp.
The smoke demon is no longer distracted by gold.
The shadow is distracted by your dazzling golden aura.
The slime creature completely misses you.
The slime creature attacks as it pursues you!
You block the slime creature's attack. x2
The shadow is no longer distracted by gold.
The smoke demon gestures at you. Something smites you!
* * * LOW HITPOINT WARNING * * *
You take 12 damage, and have 7/112 hp.
The smoke demon gestures at you. Something smites you!
You die...
Your body crumbles into a pile of gold.

........# #........#
#####...# #........#
#...# #...<....#
#...# +........####
#...# #.......♣§§§#
##..# #.......♣♣§§#
#..♣ .........♣♣§#
#..⌠ ###......PPP#
...♣ #.@....#.## P
##.......# P.#
#.......# ....
#J......#
.....####+###J......#
............W3......#
.......!...W........#
....................#
'###................#


You could see 2 slime creatures, a smoke demon and a shadow.

Vanquished Creatures
  Gastronok (Lair:2)
  An orc warlord (Orc:2)
  A stone giant (Orc:2)
  An ettin (Orc:2)
  6 hydras
  An ogre mage (Orc:2)
  5 catoblepae
  12 two-headed ogres
  16 death yaks
  Erica (D:8)
  A boulder beetle (Lair:4)
  2 orc high priests
  Amaemon (Lair:2)
  2 skysharks
  A lindwurm (Lair:1)
  6 orc knights (Orc:2)
  2 oklob plants (Lair:3)
  3 orc sorcerers (Orc:2)
  3 harpies (Lair:3)
  2 manticores (Lair:5)
  7 elephants
  A cyclops (Orc:2)
  A rust devil (D:12)
  Maurice (D:9)
  3 black mambas
  12 cane toads
  Joseph (D:8)
  3 torpor snails
  An orange demon (Lair:2)
  2 unseen horrors (D:11)
  5 rime drakes
  9 komodo dragons
  A meliai (D:8)
  8 trolls
  3 polar bears
  Prince Ribbit (D:8)
  7 saltlings (Orc:2)
  10 dream sheep
  19 blink frogs
  A slime creature (D:12)
  Sigmund (D:4)
  2 spriggans
  A vampire (D:11)
  A ynoxinul (D:12)
  8 wyverns
  Eustachio (D:4)
  5 basilisks
  71 yaks
  Grum (D:8)
  A steam dragon (Lair:3)
  3 vampire mosquitoes (D:11)
  4 wargs
  An acid dragon (D:8)
  10 water moccasins
  Pargi (Sewer)
  13 orc warriors
  A sky beast (D:7)
  A swamp drake (D:9)
  An ice beast (D:7)
  8 black bears
  10 ogres
  20 wolves
  A phantom (D:5)
  5 centaurs
  3 kobold brigands
  16 bullfrogs
  4 scorpions
  A gnoll sergeant (D:10)
  7 killer bees (D:10)
  An oklob sapling (D:4)
  2 electric eels (Lair:1)
  2 howler monkeys (D:7)
  2 jellies
  14 orc priests
  A gnoll bouda (D:7)
  3 hounds
  3 sleepcaps
  2 iguanas (D:6)
  21 orc wizards
  10 gnolls
  10 adders
  A shadow imp (D:5)
  3 white imps (D:6)
  2 ufetubi (D:5)
  3 worms
  4 dart slugs
  77 orcs
  10 endoplasms
  5 giant cockroaches
  8 goblins
  9 hobgoblins
  6 quokkas
  7 ball pythons
  8 bats
  5 frilled lizards
  17 kobolds
  9 rats
611 creatures vanquished.

Vanquished Creatures (others)
  An orc knight (Orc:2)
  A yak (Lair:5)
  An orc (Orc:2)
3 creatures vanquished.

Grand Total: 614 creatures vanquished

Notes
Turn   | Place    | Note
-------+----------+-------------------------------------------
     0 | D:1      | sokol815 the Octopode Brigand began the quest for the Orb.
     0 | D:1      | Reached XP level 1. HP: 14/14 MP: 1/1
   105 | D:1      | Upgraded the game from 0.31-a0-971-g75a2e9a4b4 to
                  | 0.31-a0-977-gc230f8ef24
   130 | D:1      | Reached XP level 2. HP: 19/19 MP: 2/2
   289 | D:1      | Reached skill level 1 in Unarmed Combat
   494 | D:2      | Reached XP level 3. HP: 25/25 MP: 3/3
   531 | D:2      | Reached skill level 2 in Dodging
   794 | D:2      | Reached XP level 4. HP: 30/30 MP: 4/4
   889 | D:2      | Reached skill level 3 in Fighting
  1102 | D:3      | Reached skill level 2 in Unarmed Combat
  1162 | D:3      | Reached XP level 5. HP: 34/36 MP: 5/5
  1652 | D:4      | Reached skill level 3 in Dodging
  1821 | D:4      | Noticed Sigmund
  1823 | D:4      | Found a staircase to the Ecumenical Temple.
  1836 | D:4      | Killed Sigmund
  1837 | D:4      | Reached skill level 4 in Fighting
  1837 | D:4      | Reached skill level 3 in Short Blades
  1837 | D:4      | Reached XP level 6. HP: 43/43 MP: 6/6
  1883 | Temple   | Entered the Ecumenical Temple
  1909 | Temple   | Became a worshipper of Gozag Ym Sagoz the Greedy
  1947 | D:4      | Noticed Eustachio
  1964 | D:4      | Found a blossoming altar of Fedhas.
  2126 | D:4      | Identified a scroll of acquirement
  2127 | D:4      | Acquired 1198 gold pieces
  2758 | D:4      | Killed Eustachio
  2759 | D:4      | Reached skill level 4 in Short Blades
  2759 | D:4      | Reached XP level 7. HP: 49/49 MP: 7/7
  2784 | D:5      | Entered Level 5 of the Dungeon
  2825 | D:5      | Reached skill level 6 in Stealth
  2892 | D:5      | Reached skill level 4 in Dodging
  3166 | D:5      | Reached XP level 8. HP: 54/54 MP: 8/8
  3197 | D:5      | Found a glowing drain.
  3201 | D:5      | Reached skill level 7 in Stealth
  3236 | Sewer    | Entered a sewer
  3324 | Sewer    | Noticed Pargi
  3326 | Sewer    | Killed Pargi
  3327 | Sewer    | Reached skill level 5 in Short Blades
  3655 | D:5      | Reached skill level 5 in Fighting
  3930 | D:6      | Found a burning altar of Makhleb.
  3988 | D:6      | Found a hazy altar of Hepliaklqana.
  4185 | D:6      | Reached skill level 8 in Stealth
  4383 | D:6      | Reached skill level 6 in Short Blades
  4708 | D:7      | Reached skill level 5 in Dodging
  4708 | D:7      | Reached skill level 9 in Stealth
  4708 | D:7      | Reached XP level 9. HP: 50/61 MP: 9/9
  4754 | D:7      | Found a runed translucent door.
  4756 | D:7      | Noticed an orange crystal statue
  4756 | D:7      | Found the +10 tower shield of Ignorance {rN+ Int-4}
  4874 | D:7      | Found a runed translucent door.
  5227 | D:7      | Found an iron altar of Okawaru.
  5428 | D:7      | Reached skill level 7 in Short Blades
  5536 | D:8      | Identified the "Qyiqios"
  5559 | D:8      | Reached skill level 6 in Fighting
  5559 | D:8      | Reached skill level 10 in Stealth
  5810 | D:8      | Noticed Joseph
  5815 | D:8      | Killed Joseph
  5816 | D:8      | Reached skill level 6 in Dodging
  5894 | D:8      | Acquired the +7 Spriggan's Knife {stab, EV+4 Stlth+}
  5894 | D:8      | Found the +7 Spriggan's Knife {stab, EV+4 Stlth+}
  5902 | D:8      | Reached skill level 8 in Short Blades
  5915 | D:8      | Reached XP level 10. HP: 53/69 MP: 10/10
  5972 | D:8      | Noticed Grum
  5990 | D:8      | Reached skill level 7 in Fighting
  6051 | D:8      | Killed Grum
  6143 | D:8      | Noticed Erica
  6149 | D:8      | Killed Erica
  6150 | D:8      | Reached skill level 9 in Short Blades
  6203 | D:8      | Found a bloodstained altar of Trog.
  6279 | D:8      | Found a shimmering blue altar of Sif Muna.
  6314 | D:8      | Reached skill level 7 in Dodging
  6343 | D:8      | Found a basalt altar of Yredelemnul.
  6350 | D:8      | Found a shimmering altar of Xom.
  6695 | D:8      | Noticed Prince Ribbit
  6705 | D:8      | Killed Prince Ribbit
  6893 | D:9      | Reached skill level 10 in Short Blades
  6896 | D:9      | Reached skill level 8 in Fighting
  6948 | D:9      | Found a glowing golden altar of the Shining One.
  7246 | D:9      | Noticed Maurice
  7253 | D:9      | Killed Maurice
  7254 | D:9      | Reached skill level 8 in Dodging
  7254 | D:9      | Reached XP level 11. HP: 78/78 MP: 11/11
  7527 | D:9      | Reached skill level 9 in Fighting
  7579 | D:9      | Found a staircase to the Lair.
  7772 | D:10     | Entered Level 10 of the Dungeon
  7779 | D:10     | Found a broken altar of Ashenzari.
  7799 | D:10     | Reached skill level 9 in Dodging
  8024 | D:10     | Noticed a two-headed ogre
  8216 | D:10     | Noticed a two-headed ogre
  8218 | D:10     | Killed a two-headed ogre
  8219 | D:10     | Reached skill level 10 in Fighting
  8562 | D:10     | Found a staircase to the Orcish Mines.
  9002 | D:10     | Killed a two-headed ogre
  9003 | D:10     | Reached skill level 10 in Dodging
  9003 | D:10     | Reached skill level 11 in Stealth
  9192 | Lair:1   | Entered Level 1 of the Lair of Beasts
  9265 | Lair:1   | Reached skill level 12 in Stealth
  9425 | Lair:1   | Reached XP level 12. HP: 87/87 MP: 12/12
  9453 | Lair:1   | Reached skill level 13 in Stealth
  9633 | Lair:1   | Identified the +10 flail of Urgency {elec, rPois Str+3
                  | Int+7 Dex-4}
  9772 | Lair:1   | Reached skill level 14 in Stealth
 10121 | Lair:1   | Noticed a catoblepas
 10142 | Lair:1   | Found a runed translucent door.
 10227 | Lair:1   | Killed a catoblepas
 10228 | Lair:1   | Reached skill level 15 in Stealth
 10644 | Lair:2   | Reached skill level 16 in Stealth
 10650 | Lair:2   | Noticed a seven-headed hydra
 10684 | Lair:1   | Bought a manual of Dodging for 1120 gold pieces
 10684 | Lair:1   | Bought a book of Ice for 700 gold pieces
 10930 | Lair:2   | Reached skill level 11 in Dodging
 11240 | Lair:2   | Reached skill level 12 in Dodging
 11495 | Lair:2   | Noticed Amaemon
 11505 | Lair:2   | Killed Amaemon
 11506 | Lair:2   | Reached XP level 13. HP: 92/92 MP: 13/13
 11509 | Lair:2   | Reached skill level 13 in Dodging
 11509 | Lair:2   | Reached skill level 17 in Stealth
 12280 | Lair:3   | Noticed Gastronok
 12306 | Lair:2   | Killed Gastronok
 12307 | Lair:2   | Reached skill level 14 in Dodging
 12605 | Lair:3   | Found a staircase to the Shoals.
 12623 | Lair:3   | Reached skill level 15 in Dodging
 12958 | Lair:3   | Reached skill level 18 in Stealth
 13045 | Lair:3   | Found a staircase to the Snake Pit.
 13337 | Lair:3   | Found a blossoming altar of Fedhas.
 13346 | Lair:3   | Reached skill level 16 in Dodging
 13878 | Lair:4   | Reached skill level 17 in Dodging
 14165 | Lair:4   | Found a viscous altar of Jiyva.
 14165 | Lair:4   | Found a staircase to the Slime Pits.
 14242 | Lair:4   | Reached XP level 14. HP: 80/99 MP: 14/14
 14477 | Lair:5   | Entered Level 5 of the Lair of Beasts
 14848 | Lair:4   | Reached skill level 11 in Fighting
 14933 | Lair:4   | Reached skill level 18 in Dodging
 15028 | Lair:5   | Learned a level 3 spell: Mephitic Cloud
 15213 | Lair:4   | Reached skill level 1 in Air Magic
 15213 | Lair:4   | Reached skill level 1 in Poison Magic
 15243 | Lair:5   | Reached skill level 1 in Conjurations
 15244 | Lair:5   | Reached skill level 1 in Spellcasting
 15344 | Lair:5   | Reached skill level 2 in Poison Magic
 15380 | Lair:5   | Reached skill level 2 in Conjurations
 15380 | Lair:5   | Reached skill level 2 in Air Magic
 15579 | Lair:5   | Reached skill level 2 in Spellcasting
 15874 | Lair:5   | Reached skill level 3 in Poison Magic
 15908 | Lair:5   | HP: 20/101 [death yak (15)]
 15910 | Lair:5   | HP: 1/101 [death yak (20)]
 16157 | Lair:5   | Reached skill level 3 in Conjurations
 16157 | Lair:5   | Reached skill level 3 in Air Magic
 16254 | Lair:5   | Reached skill level 3 in Spellcasting
 16282 | Lair:5   | Reached skill level 4 in Poison Magic
 16504 | Lair:5   | Reached XP level 15. HP: 108/108 MP: 10/19
 16530 | Lair:5   | Reached skill level 12 in Fighting
 16530 | Lair:5   | Reached skill level 4 in Conjurations
 16530 | Lair:5   | Reached skill level 4 in Air Magic
 16530 | Lair:5   | Reached skill level 5 in Poison Magic
 17469 | D:11     | Reached skill level 6 in Poison Magic
 17739 | Orc:1    | Entered Level 1 of the Orcish Mines
 17846 | Orc:1    | Reached skill level 1 in Shields
 17998 | Orc:2    | Entered Level 2 of the Orcish Mines
 18288 | Orc:2    | Reached skill level 2 in Shields
 18307 | Orc:2    | Reached skill level 3 in Shields
 18510 | Orc:1    | Reached skill level 7 in Poison Magic
 18671 | Orc:2    | Found a staircase to the Elven Halls.
 19023 | Orc:2    | Reached skill level 4 in Shields
 19096 | Orc:2    | Reached skill level 5 in Shields
 19096 | Orc:2    | Noticed an orc warlord
 19105 | Orc:2    | Reached skill level 13 in Fighting
 19112 | Orc:2    | Killed an orc warlord
 19335 | Orc:2    | Found Vokkohi's Book Boutique.
 19341 | Orc:2    | Found Xyemusm's General Store.
 19482 | Orc:2    | Found Wour's Book Shop.
 19777 | Orc:2    | Found Deliy's Antique Weapon Emporium.
 19886 | D:10     | Learned a level 7 spell: Ozocubu's Refrigeration
 19977 | D:11     | Learned a level 9 spell: Polar Vortex
 20083 | D:11     | Reached skill level 1 in Ice Magic
 20460 | D:12     | HP: 21/112 [something (30)]
 20465 | D:12     | HP: 21/112 [slime creature (6)]
 20475 | D:12     | HP: 7/112 [smoke demon/divine providence (13)]
 20476 | D:12     | Killed from afar by a smoke demon

Illustrated notes

Levels and vault maps discovered:
D:1:      wheals_arrival_shading, layout_rooms
D:2:      layout_rooms, serial_rivers, chequers_serial_rivers_marsh,
          chequers_serial_rivers_small_b, chequers_serial_rivers_micro_a,
          chequers_serial_rivers_large_a, grunt_ministairs_4
D:3:      layout_basic, hangedman_decor_slide_cut, chequers_decorated_corner,
          chequers_serial_rivers_small_3, minmay_randomly_rotated_circles
D:4:      layout_layer_cave, general_overflow_altar, minmay_temple_entry_oklob,
          grunt_ministairs_6, uniq_eustachio, uniq_sigmund
D:5:      layout_gridville, portal_sewer_entry_b, serial_rivers,
          chequers_serial_rivers_micro_a, chequers_serial_rivers_micro_b,
          chequers_serial_rivers_room_b, chequers_serial_rivers_marsh,
          chequers_serial_rivers_micro_c, chequers_serial_rivers_room_a,
          grunt_ministairs_2
D:6:      layout_loops_ring, mainiacjoe_overflow_cross_hatched,
          nicolae_overflow_crystal_walls, hex_large
D:7:      layout_basic, amcnicky_altar_gilded, chequers_guarded_unrand_ignorance
D:8:      minmay_thick_lines, layout_basic, kennysheep_little_box, led_sif_book,
          amethyst_overflow_temple_binary, uniq_joseph, uniq_grum,
          uniq_prince_ribbit1, uniq_erica
D:9:      layout_loops_ring, mainiacjoe_overflow_brackets, erik_lair_dragon,
          uniq_maurice
D:10:     layout_irregular_city, evilmike_ruin_ashenzari, david_orc_4, eino_jars
D:11:     layout_rooms
D:12:     layout_irregular_city, serial_demonic, serial_demonic_a,
          serial_demonic_b, serial_demonic_c, serial_demonic_e,
          serial_demonic_g, serial_demonic_b, serial_demonic_b, serial_demonic_f
Temple:   chequers_temple_sunken
Lair:1:   gammafunk_lair_enchanted_lake, layout_hall_layers, st_stairs_3
Lair:2:   layout_cave_pods, minivault_27, grunt_forest_stairs_clearing,
          grunt_megastairs_4, serial_bayou_shore_b, uniq_amaemon
Lair:3:   layout_regular_city, nicolae_shoals_entry_roost, dummy_snake_entry,
          hangedman_tree_tricks, forest_entry_grove, grunt_megastairs_1,
          uniq_gastronok
Lair:4:   layout_cellular_growth, dpeg_slime_entry_enclosed
Lair:5:   evilmike_catoblepas_cave, layout_cave_pods
Orc:1:    layout_diamond_mine
Orc:2:    hellmonk_orc_salted, layout_caves

Skill      XL: |  1  2  3  4  5  6  7  8  9 10 11 12 13 14 15 |
---------------+----------------------------------------------+-----
Unarmed Combat | 1 2 |  2.6
Dodging        | 2 3 4 5 6 8 10 12 17 18 | 18.0
Fighting       | 3 4 5 6 8 10 11 13 | 13.8
Short Blades   | 3 4 6 8 10 | 10.0
Stealth        | 6 9 10 12 16 18 | 18.0
Air Magic      | 3 4 |  4.0
Poison Magic   | 4 7 |  7.0
Conjurations   | 3 4 |  4.0
Spellcasting   | 3 |  3.2
Shields        | 5 |  5.0
Ice Magic      | 1 |  1.5
Throwing       | |  2.0

Action                     |  1- 3 |  4- 6 |  7- 9 | 10-12 | 13-15 || total
---------------------------+-------+-------+-------+-------+-------++-------
  Melee: Dagger            |    52 |   104 |   267 |       |       ||   423
         Constrict         |     6 |    33 |    55 |    72 |    66 ||   232
         Tentacles         |     7 |    26 |    75 |   215 |   483 ||   806
         Punch             |     2 |     1 |     9 |    33 |    58 ||   103
         Knife             |       |       |    14 |   669 |  1411 ||  2094
  Throw: Dart              |       |       |       |     8 |       ||     8
   Cast: Mephitic Cloud    |       |       |       |       |    48 ||    48
 Invoke: Call Merchant     |       |       |       |     1 |     4 ||     5
  Evoke: Wand              |       |       |       |       |     3 ||     3
    Use: Scroll            |       |     8 |     7 |     9 |    10 ||    34
         Potion            |       |       |     1 |       |     1 ||     2
   Stab: Sleeping          |    21 |    13 |    26 |    21 |    48 ||   129
         Distracted        |       |     1 |     4 |    23 |    35 ||    63
         Petrified         |       |       |       |     1 |     2 ||     3
         Confused          |       |       |       |       |    46 ||    46
 Armour: Skin              |    10 |    38 |    83 |   147 |   233 ||   511
  Dodge: Dodged            |    12 |    46 |   135 |   447 |  1150 ||  1790
  Block: Buckler           |       |       |       |       |    74 ||    74

Table legend: (Time is in decaauts)
 A = Elapsed time spent in this place.
 B = Non-inter-level travel time spent in this place.
 C = Inter-level travel time spent in this place.
 D = Time resting spent in this place.
 E = Time spent auto-exploring this place.
 F = Levels seen in this place.
 G = Mean time per level.
                   A        B        C        D        E       F      G
               +--------+--------+--------+--------+--------+-----+--------+
         Total |  19364 |  18064 |   1300 |    984 |  12135 |  21 |  922.1 |
       Dungeon |   9791 |   9149 |    642 |    237 |   6631 |  12 |  815.9 |
        Temple |     52 |      1 |     51 |      0 |      0 |   1 |   52.0 |
          Lair |   7348 |   6895 |    453 |    650 |   4287 |   5 | 1469.6 |
  Orcish Mines |   2046 |   1893 |    153 |     97 |   1137 |   2 | 1023.0 |
         Sewer |    126 |    126 |      0 |      0 |     80 |   1 |  126.0 |
               +--------+--------+--------+--------+--------+-----+--------+

Top non-repeatable levels by time:
  Lair:2: 1800 daAuts
  Lair:5: 1762 daAuts
   Orc:2: 1433 daAuts
  Lair:4: 1422 daAuts
  Lair:1: 1379 daAuts
    D:10: 1260 daAuts
     D:9: 1234 daAuts
     D:8: 1180 daAuts
     D:4: 1079 daAuts
  Lair:3: 984 daAuts
     D:5: 973 daAuts
     D:7: 829 daAuts
     D:6: 768 daAuts
    D:11: 677 daAuts
   Orc:1: 612 daAuts

Levels and vault maps discovered:
D:1:      wheals_arrival_shading, layout_rooms
D:2:      layout_rooms, serial_rivers, chequers_serial_rivers_marsh,
          chequers_serial_rivers_small_b, chequers_serial_rivers_micro_a,
          chequers_serial_rivers_large_a, grunt_ministairs_4
D:3:      layout_basic, hangedman_decor_slide_cut, chequers_decorated_corner,
          chequers_serial_rivers_small_3, minmay_randomly_rotated_circles
D:4:      layout_layer_cave, general_overflow_altar, minmay_temple_entry_oklob,
          grunt_ministairs_6, uniq_eustachio, uniq_sigmund
D:5:      layout_gridville, portal_sewer_entry_b, serial_rivers,
          chequers_serial_rivers_micro_a, chequers_serial_rivers_micro_b,
          chequers_serial_rivers_room_b, chequers_serial_rivers_marsh,
          chequers_serial_rivers_micro_c, chequers_serial_rivers_room_a,
          grunt_ministairs_2
D:6:      layout_loops_ring, mainiacjoe_overflow_cross_hatched,
          nicolae_overflow_crystal_walls, hex_large
D:7:      layout_basic, amcnicky_altar_gilded, chequers_guarded_unrand_ignorance
D:8:      minmay_thick_lines, layout_basic, kennysheep_little_box, led_sif_book,
          amethyst_overflow_temple_binary, uniq_joseph, uniq_grum,
          uniq_prince_ribbit1, uniq_erica
D:9:      layout_loops_ring, mainiacjoe_overflow_brackets, erik_lair_dragon,
          uniq_maurice
D:10:     layout_irregular_city, evilmike_ruin_ashenzari, david_orc_4, eino_jars
D:11:     layout_rooms
D:12:     layout_irregular_city, serial_demonic, serial_demonic_a,
          serial_demonic_b, serial_demonic_c, serial_demonic_e,
          serial_demonic_g, serial_demonic_b, serial_demonic_b, serial_demonic_f
Temple:   chequers_temple_sunken
Lair:1:   gammafunk_lair_enchanted_lake, layout_hall_layers, st_stairs_3
Lair:2:   layout_cave_pods, minivault_27, grunt_forest_stairs_clearing,
          grunt_megastairs_4, serial_bayou_shore_b, uniq_amaemon
Lair:3:   layout_regular_city, nicolae_shoals_entry_roost, dummy_snake_entry,
          hangedman_tree_tricks, forest_entry_grove, grunt_megastairs_1,
          uniq_gastronok
Lair:4:   layout_cellular_growth, dpeg_slime_entry_enclosed
Lair:5:   evilmike_catoblepas_cave, layout_cave_pods
Orc:1:    layout_diamond_mine
Orc:2:    hellmonk_orc_salted, layout_caves

Table legend: (Time is in decaauts)
 A = Elapsed time spent in this place.
 B = Non-inter-level travel time spent in this place.
 C = Inter-level travel time spent in this place.
 D = Time resting spent in this place.
 E = Time spent auto-exploring this place.
 F = Levels seen in this place.
 G = Mean time per level.
                   A        B        C        D        E       F      G
               +--------+--------+--------+--------+--------+-----+--------+
         Total |  19364 |  18064 |   1300 |    984 |  12135 |  21 |  922.1 |
       Dungeon |   9791 |   9149 |    642 |    237 |   6631 |  12 |  815.9 |
        Temple |     52 |      1 |     51 |      0 |      0 |   1 |   52.0 |
          Lair |   7348 |   6895 |    453 |    650 |   4287 |   5 | 1469.6 |
  Orcish Mines |   2046 |   1893 |    153 |     97 |   1137 |   2 | 1023.0 |
         Sewer |    126 |    126 |      0 |      0 |     80 |   1 |  126.0 |
               +--------+--------+--------+--------+--------+-----+--------+

Top non-repeatable levels by time:
  Lair:2: 1800 daAuts
  Lair:5: 1762 daAuts
   Orc:2: 1433 daAuts
  Lair:4: 1422 daAuts
  Lair:1: 1379 daAuts
    D:10: 1260 daAuts
     D:9: 1234 daAuts
     D:8: 1180 daAuts
     D:4: 1079 daAuts
  Lair:3: 984 daAuts
     D:5: 973 daAuts
     D:7: 829 daAuts
     D:6: 768 daAuts
    D:11: 677 daAuts
   Orc:1: 612 daAuts

Table legend:
 A = Kills in this place as a percentage of kills in the entire game.
 B = Kills by you in this place as a percentage of kills by you in the entire game.
 C = Kills by friends in this place as a percentage of kills by friends in the entire game.
 D = Other kills in this place as a percentage of other kills in the entire game.
 E = Experience gained in this place as a percentage of experience gained in the entire game.
 F = Experience gained in this place divided by the number of levels of this place that you have seen.
                   A       B       C       D       E      F
               +-------+-------+-------+-------+-------+----------------------
         Total | 100.0 | 100.0 |   N/A | 100.0 | 100.0 | 5757.5
       Dungeon |  48.1 |  48.7 |   N/A |   0.0 |  18.4 | 1850.2
          Lair |  35.7 |  36.0 |   N/A |  14.3 |  60.7 | 14678.4
  Orcish Mines |  14.8 |  14.0 |   N/A |  85.7 |  20.8 | 12583.0
         Sewer |   1.3 |   1.3 |   N/A |   0.0 |   0.1 | 147.0
               +-------+-------+-------+-------+-------+----------------------
